 Dungeon Crawl Stone Soup version 0.27.1-33-g824d729ab1 (webtiles) character file.

Game seed: 8216659002442644141

2 Thatpatchoflichen the Vexing (level 1, 0/10 HPs)
             Began as a Spriggan Arcane Marksman on Nov 29, 2021.
             Slain by a quokka (4 damage)
             ... on level 1 of the Dungeon.
             The game lasted 00:01:08 (28 turns).

Thatpatchoflichen the Vexing (SpAM)                   Turns: 28, Time: 00:01:10

Health: 0/10       AC:  2    Str:  6    XL:     1   Next: 33%
Magic:  1/3        EV: 17    Int: 14    God:
Gold:   0          SH:  0    Dex: 15    Spells: 1/2 levels left

rFire    . . .     SeeInvis +   a - +0 shortbow
rCold    . . .     Faith    .   (shield currently unavailable)
rNeg     . . .     Spirit   .   d - +0 robe
rPois    .         Reflect  .   (helmet restricted)
rElec    .         Harm     .   (no cloak)
rCorr    .         Rampage  .   (gloves unavailable)
Will     .....                  (boots unavailable)
Stlth    +.........             (no amulet)
HPRegen  0.03/turn              (no ring)
MPRegen  0.08/turn              (no ring)

@: very quick
A: very small, no large weapons, unfitting armour, see invisible, speed 3
a: no special abilities


You were on level 1 of the Dungeon.
You visited 1 branch of the dungeon, and saw 1 of its levels.

Inventory:

Hand Weapons
 a - a +0 shortbow (weapon)
Missiles
 c - 12 arrows (quivered ammo)
Armour
 d - a +0 robe (worn)
Scrolls
 b - a scroll of fog {unknown}


   Skills:
 * Level 1.0 Fighting
 + Level 2.4 Bows
 + Level 2.6 Dodging
 + Level 1.3 Spellcasting
 + Level 3.7 Hexes


You had one spell level left.
You knew the following spells:

 Your Spells              Type           Power      Damage    Failure   Level
a - Corona                Hex            12%        N/A       5%          1

Your spell library contained the following spells:

 Spells                   Type           Power      Damage    Failure   Level
 Slow                     Hex            11%        N/A       9%          2
 Inner Flame              Hex/Fire       6%         N/A       34%         3
 Portal Projectile        Hex/Tloc       12%        N/A       34%         3
 Cause Fear               Hex            5%         N/A       47%         4


Dungeon Overview and Level Annotations

Branches:
Dungeon (1/15)

Altars:


Innate Abilities, Weirdness & Mutations

You are very small and have problems with some larger weapons.
You are too small for most types of armour.
You have supernaturally acute eyesight. (SInv)
You cover ground extremely quickly. (Speed+++)


Message History

Your Fighting skill increases to level 1!
Okay, then.
Fire: 15 arrows
Press: ? - help, Q - select action, (/) - cycle Shift-Dir - straight line, f - quokka
Aim: a quokka (48% to hit)
You shoot an arrow. The arrow closely misses the quokka.
The arrow closely misses the bat.
The bat barely misses you.
Casting: Corona (safe; 5% risk of failure)
Confirm with . or Enter, or press ? or * to list all spells.
You don't know that spell.
Casting: Corona (safe; 5% risk of failure)
Confirm with . or Enter, or press ? or * to list all spells.
You don't know that spell.
Unknown command.
Casting: Corona (safe; 5% risk of failure)
Confirm with . or Enter, or press ? or * to list all spells.
Aiming: Corona (safe; 5% risk of failure)
Press: ? - help, Shift-Dir - straight line, f - bat, p - quokka
Aim: a bat (chance to affect: 64%)
The bat barely resists.
The bat hits you but does no damage. The bat barely misses you.
The quokka closely misses you. The quokka bites you.
Casting: Corona (safe; 5% risk of failure)
Confirm with . or Enter, or press ? or * to list all spells.
Aiming: Corona (safe; 5% risk of failure)
Press: ? - help, Shift-Dir - straight line, f - quokka, p - bat
Aim: a quokka (chance to affect: 64%)
The quokka is outlined in light.
The bat hits you but does no damage. The quokka bites you.
Fire: 14 arrows
Press: ? - help, Q - select action, (/) - cycle Shift-Dir - straight line, f/p - quokka
Aim: a quokka (softly glowing, 67% to hit)
You shoot an arrow. The arrow barely misses the quokka.
The bat completely misses you. The quokka bites you.
Fire: 13 arrows
Press: ? - help, Q - select action, (/) - cycle Shift-Dir - straight line, f/p - quokka
Aim: a quokka (softly glowing, 67% to hit)
You shoot an arrow. The arrow barely misses the quokka.
The bat barely misses you. The quokka bites you.
You die...

.≈≈.♣.......≈≈.##
#.(.≈≈..8....≈≈....
#.#..≈≈♣....≈≈...##
#.....≈≈≈.≈≈≈......
...................
..................#
...............####
........rb.......#
..(((...w@.....#..#
.......####.#### .#
(.>.........# .
....[.(####..
.....(. ####
....... #######


You could see a dart slug, a quokka (corona) and a bat.

Vanquished Creatures
  A giant cockroach (D:1)
  A hobgoblin (D:1)
2 creatures vanquished.

Notes
Turn   | Place    | Note
-------+----------+-------------------------------------------
     0 | D:1      | Thatpatchoflichen the Spriggan Arcane Marksman began the
                  | quest for the Orb.
     0 | D:1      | Reached XP level 1. HP: 9/9 MP: 3/3
    22 | D:1      | Reached skill level 1 in Fighting
    28 | D:1      | Slain by a quokka

Illustrated notes

Levels and vault maps discovered:
D:1:      moated_graveyard_arrival, layout_rooms, minmay_misc_feat_columns,
          minmay_stone_trees_medium

Skill      XL: |  1 |
---------------+----+-----
Fighting       | 1 |  1.0
Bows           | |  2.4
Dodging        | |  2.6
Spellcasting   | |  1.3
Hexes          | |  3.7

Action                   || total
-------------------------++-------
 Fire: Shortbow          ||     8
 Cast: Corona            ||     2
Armor: Robe              ||     2
Dodge: Dodged            ||     7
